AoeStats
← plt143

Arabia

509665806Analyzed
1v1 RM · 6d ago on Sep 27, 2026· 18m 55s· 2 players
Game mode
Random Map
Map size
Tiny (2 player)
Population
200
Speed
Normal
Resources
Standard
Victory
Conquest
Starting age
Dark Age
Ending age
Imperial Age
RankedLock teamsTeams togetherTeam positionsShared explorationLock speedFull tech treeHidden civsTurbo modeCheats
Victory
Defeat
🇱🇰 Teutons · Sri Lanka
1027
+15
🇹🇷 Gurjaras · Türkiye
1004
-15
plt143
5:25 Loom
5:58 Loom
9:12 Feudal Age
9:38 Double-Bit Axe
13:32 Horse Collar
16:22 Scale Barding Armor
19:13 Wheelbarrow
DonRa
2:37 Loom
7:00 Loom
10:35 Feudal Age
11:03 Double-Bit Axe
15:19 Forging
16:27 Scale Barding Armor
16:49 Horse Collar
19:13 Wheelbarrow
Connection lost

Rejoining the realm…

Still unreachable

The connection could not be restored.

Session expired

The server has moved on; the page needs a fresh start.